[Event "Summer Prague Open-A 2022"]
[Site "Prague"]
[Date "2022.08.07"]
[Round "3.18"]
[White "Schmaltz, Roland"]
[Black "Schroer, Marcel"]
[Result "1-0"]
[ECO "B12"]
[WhiteElo "2466"]
[BlackElo "2119"]
[Annotator "TA"]
[PlyCount "75"]
[EventDate "2022.08.05"]
[EventType "swiss"]
[EventCountry "CZE"]
[SourceTitle "playchess.com"]
[Source "ChessBase"]
[SourceQuality "1"]
[TimeControl "40/5400+30:1800+30"]

1. e4 c6 2. d4 d5 3. e5 Bf5 4. Nd2 e6 5. Nb3 a6 6. Nf3 {[%emt 0:00:40] B12: Caro-Kann: Advance Variation.} c5 {[%emt 0:00:16] [#]} 7. Be2 $146 ({Predecessor:} 7. dxc5 Bxc5 8. Nxc5 Qa5+ 9. c3 Qxc5 10. Nd4 Ne7 11. Qa4+ Nbc6 12. Be3 Qa5 13. Qxa5 Nxa5 14. Nxf5 Nxf5 {1-0 (43) So,W (2770)-Abdusattorov,N (2627) Chess.com INT 2020}) 7... Nc6 {[%emt 0:03:07] Threatens to win with ...c4.} 8. Nxc5 {[%emt 0:00:43] White is slightly better.} (8. dxc5 {with more complications.} Bxc5 9. Nxc5 Qa5+ 10. c3) 8... Bxc5 9. dxc5 Qa5+ 10. c3 Qxc5 11. Be3 Qa5 12. Qb3 Qc7 13. Bb6 $36 {[%emt 0:02:08][%mdl 2048] White has the initiative.} Qd7 14. Nd4 Nge7 15. Nxf5 Nxf5 16. f4 h5 17. O-O-O Rc8 18. Kb1 g6 19. g3 Kf8 20. Rhg1 Kg7 21. h3 Nfe7 22. Bd3 Rcg8 23. c4 Rc8 {[%emt 0:03:48] [#]} (23... Re8 $16 24. Ka1 Nc8) 24. Qa3 (24. Be4 $1 $18 ) 24... Qe8 25. b3 {[%emt 0:05:24] 0x0.00198aaa9539dp-1022s more active pieces.} a5 26. Bc5 {[%emt 0:00:15] Prevents Nb4.} (26. Bxa5 $2 Ra8 27. b4 b6 $19) ({White should try} 26. Be2 $16) 26... Qd8 27. g4 hxg4 28. hxg4 {[%emt 0:00:05] Black must now prevent f5.} dxc4 (28... Nb4 $16 {is a better defense.} 29. Bxb4 axb4) 29. Bxg6 $2 Qe8 (29... Nd5 $1 $11 {and Black stays safe.} 30. bxc4 Ncb4 31. cxd5 Rxc5 32. dxe6 Rd5 33. Rxd5 Qxd5) 30. Be4 $18 {[%emt 0:00:23] aiming for f5. This bishop pair is nice.} cxb3 $2 (30... Nb4 $16) 31. f5 bxa2+ 32. Ka1 Kg8 33. Rh1 exf5 34. gxf5 (34. Rxh8+ $142 Kxh8 35. Qh3+ Kg7 36. gxf5 f6 37. exf6+ Kf7 38. Qh5+ Kg8 39. Rg1+ Qg6 40. fxg6 Re8 41. Qh7+ Kf8 42. Qh8#) 34... Rxh1 35. Rxh1 {[%emt 0:00:59] Qh3 would kill now.} Nxf5 36. Rg1+ {[%emt 0:00:42] White mates.} (36. Bxf5 Qxe5+ 37. Qb2 Qxb2+ 38. Kxb2 Rd8 $16) 36... Ng7 {[%emt 0:00:07] [#]} 37. Rxg7+ $1 Kxg7 38. Qg3+ {[%emt 0:00:05] Weighted Error Value: White=0.21 (precise) /Black=0.85} 1-0

[Event "Summer Prague Open-A 2022"]
[Site "Prague"]
[Date "2022.08.07"]
[Round "3.19"]
[White "Lalic, Bogdan"]
[Black "Kozak, Milos"]
[Result "1-0"]
[ECO "D41"]
[WhiteElo "2412"]
[BlackElo "2101"]
[Annotator "TA"]
[PlyCount "97"]
[EventDate "2022.08.05"]
[EventType "swiss"]
[EventCountry "CZE"]
[SourceTitle "playchess.com"]
[Source "ChessBase"]
[SourceQuality "1"]
[TimeControl "40/5400+30:1800+30"]

1. Nf3 Nf6 2. c4 e6 3. Nc3 d5 4. d4 c5 5. cxd5 Nxd5 6. g3 Nxc3 7. bxc3 cxd4 8. cxd4 Bb4+ {[%emt 0:00:13] D41: Queen's Gambit Declined: Semi-Tarrasch with 5 cxd5.} 9. Bd2 Bxd2+ 10. Qxd2 b6 {[%emt 0:00:46] The position is equal.} 11. Bg2 Bb7 12. O-O Nd7 13. a4 a5 14. Qb2 O-O 15. Rfc1 {[%emt 0:08:58] [#]} Be4 $146 ({Predecessor:} 15... Rc8 16. Rxc8 Qxc8 17. Rc1 Qb8 18. Qb5 Rd8 19. Nd2 h6 20. e3 Rc8 21. Rxc8+ Qxc8 22. Bxb7 Qxb7 {½-½ (31) Juhasz,K (2438)-Korpa,B (2560) Austria 2019}) 16. Ne1 Bxg2 17. Nxg2 Rc8 18. Ne3 Qe7 19. Qb5 Qd6 20. d5 exd5 21. Nxd5 Kh8 22. Rxc8 Rxc8 23. Rd1 {[%emt 0:00:26] Black must now prevent Ne3.} Rc5 24. Qb3 h6 25. Nf4 Qe7 26. h4 Kg8 27. h5 Kh8 (27... Rc6 $14) 28. Qf3 $36 {[%emt 0:01:00][%mdl 2048] aiming for Qb7. White has strong initiative. White is more active.} Nf6 $2 {[%emt 0:05:30][%mdl 8192] [#] This costs Black the game.} (28... Nb8 $16 {is more resistant.}) 29. Qa8+ $1 $18 Kh7 {[%emt 0:00:13] [#]} 30. Rd8 $1 g5 (30... Rc1+ $2 31. Kh2 (31. Kg2 Qe4+ 32. Qxe4+ Nxe4 $14) 31... g6 32. hxg6+ fxg6 33. Rb8) 31. hxg6+ $1 fxg6 $2 (31... Kg7 32. gxf7 Kxf7) 32. Rh8+ Kg7 33. Rb8 {[%emt 0:00:09] Threatens to win with Rb7.} Rc1+ 34. Kg2 (34. Kh2 $142 {Rb7 is the strong threat.} Rd1 35. Rb7) 34... Qe4+ 35. Qxe4 Nxe4 {[%emt 0:00:01][%mdl 4096] Endgame KRN-KRN} 36. Rb7+ Kg8 37. Nxg6 Rc4 (37... Nc3 $142 38. Rxb6 Nxe2) 38. Rxb6 Rxa4 39. Nf4 Ra1 40. Rxh6 a4 41. Ra6 a3 42. Nd5 {[%emt 0:02:14] Inhibits Nc3.} Ra2 $2 (42... Rd1 43. Nb4 Rb1) 43. Nf6+ {[%emt 0:00:00] White is clearly winning.} Nxf6 44. Rxf6 Rxe2 {[%emt 0:00:00] KR-KR} 45. Ra6 a2 46. Ra7 Kf8 47. g4 Rb2 48. Kg3 Kg8 49. f4 {[%emt 0:00:00] Weighted Error Value: White=0.21 (precise) /Black=0.26 (precise)} 1-0

[Event "Summer Prague Open-A 2022"]
[Site "Prague"]
[Date "2022.08.07"]
[Round "3.20"]
[White "Weishaeutel, Moritz"]
[Black "Lahlum, Hans Olav"]
[Result "1-0"]
[ECO "C07"]
[WhiteElo "2400"]
[BlackElo "2109"]
[Annotator "TA"]
[PlyCount "131"]
[EventDate "2022.08.05"]
[EventType "swiss"]
[EventCountry "CZE"]
[SourceTitle "playchess.com"]
[Source "ChessBase"]
[SourceQuality "1"]
[TimeControl "40/5400+30:1800+30"]

1. e4 e6 2. d4 d5 3. Nd2 c5 4. exd5 Qxd5 5. Ngf3 cxd4 6. Bc4 Qd6 7. O-O Nf6 8. Nb3 Nc6 9. Nbxd4 Nxd4 10. Nxd4 a6 11. Re1 Qc7 12. Qe2 {[%emt 0:00:06] is the legacy move (12.Bf1).} Bd6 {[%emt 0:03:32] C07: French Tarrasch: 3...c5, 4 Ngf3 and 4 exd5 Qxd5.} 13. Bg5 {[%emt 0:00:20][%cal Rc4e6] aiming for Bxe6!} O-O 14. Bxf6 gxf6 {[%emt 0:00:08] White is slightly better.} (14... Bxh2+ $2 15. Kh1 gxf6 16. g3 $18) 15. Bd3 {[%emt 0:00:06][%cal Od3h7] Threatens to win with Bxh7+!} f5 16. Qh5 Be5 17. Nf3 {[%emt 0:08:06] [#] White is more active.} (17. c3 $1 $14) 17... Bg7 $146 ({Predecessor:} 17... Bxb2 18. Rab1 Bg7 19. Rb4 b5 20. Rg4 Qc3 21. Kf1 Qf6 22. Ne5 Kh8 23. Rh4 h6 24. g4 Kg8 25. f4 fxg4 26. Rxg4 Rd8 27. Ke2 {1-0 (27) Havlik,J (2141)-Maly,M (2076) Kouty nad Desnou 2012}) 18. g4 Qf4 19. gxf5 exf5 20. h3 {[%emt 0:01:13] Against Qg4+} h6 21. c3 Be6 22. Nh4 (22. Bc2 $11) 22... Rad8 (22... Rfd8 $1 $15 23. Rad1 Qg5+ 24. Qxg5 hxg5) 23. Re3 $11 Qg5+ 24. Qxg5 hxg5 25. Nxf5 Bxf5 26. Bxf5 Rd2 27. Rb1 Rfd8 28. Re7 b5 29. Bg4 Bf8 30. Rc7 a5 31. Rb7 b4 32. cxb4 axb4 33. Rc1 {[%emt 0:13:43] Inhibits Bc5. Black must now prevent Rcc7.} Bd6 {[%emt 0:02:08] Against Rcc7} 34. Bd1 Bf4 35. Bb3 R2d7 36. Rxd7 Rxd7 $14 {[%emt 0:00:04][%mdl 4096] Endgame KRB-KRB} 37. Rc4 Bd6 38. Rg4 Be7 39. h4 Rd2 40. hxg5 {[%emt 0:00:34] g6 is the strong threat.} Kg7 41. Rf4 Bxg5 42. Rxb4 Rxb2 43. Rb7 Bf6 44. Rxf7+ Kg6 45. Rf8 Kf5 46. Kg2 Ke5 47. Kg3 Be7 (47... Kf5 $142 48. f3 Rd2) 48. Rf7 Bd6 {[%emt 0:00:00] [#]} 49. Kg4 $1 Bc5 (49... Rd2 $16 50. Rf5+ Kd4) 50. Rf5+ $18 Kd6 51. Rd5+ Kc6 52. f4 Rg2+ 53. Kf5 Bd6 54. Rd3 {[%emt 0:00:00] White threatens Bd5+ and mate.} Rf2 55. Bd5+ Kc5 {[%emt 0:00:00] [#]} (55... Kd7 $16) 56. Rf3 $1 Rd2 {[%emt 0:00:00] [#]} (56... Re2 57. Be6) 57. Bb3 Re2 58. Kg6 Rg2+ 59. Kf7 Kd4 60. f5 Ke4 61. Rf1 {[%emt 0:00:00] Hoping for Ke6.} Bf4 $2 (61... Ke5 62. f6 Rh2) 62. f6 {[%emt 0:00:00][%cal Of1f4] Intending Rxf4+! and mate.} Kf5 {[%emt 0:00:00] [#]} (62... Bd2 $18 63. Ke6 Kd4) 63. Rxf4+ $1 {[%emt 0:00:00] White mates.} Kxf4 64. Ke7 Ke5 65. f7 Rg7 66. Ke8 {[%emt 0:00:00] Weighted Error Value: White=0.08 (flawless) /Black=0.33} 1-0

[Event "Summer Prague Open-A 2022"]
[Site "Prague"]
[Date "2022.08.07"]
[Round "3.21"]
[White "Neuman, Petr"]
[Black "Jordanov, Mihail"]
[Result "1-0"]
[ECO "D10"]
[WhiteElo "2378"]
[BlackElo "2158"]
[Annotator "RC"]
[PlyCount "101"]
[EventDate "2022.08.05"]
[EventType "swiss"]
[EventCountry "CZE"]
[SourceTitle "playchess.com"]
[Source "ChessBase"]
[SourceQuality "1"]
[TimeControl "40/5400+30:1800+30"]

1. d4 d5 2. c4 c6 3. cxd5 cxd5 4. Bf4 Nc6 5. e3 Nf6 6. Nc3 a6 7. Be2 Bf5 8. g4 Be4 9. f3 Bg6 10. h4 h6 11. Nh3 e6 12. Kf2 Bd6 13. Qd2 Qd7 14. Rac1 h5 15. g5 Ng8 16. Na4 Rd8 17. Bxd6 Qxd6 18. Nc5 Rb8 19. Nf4 Bf5 20. b4 Nge7 21. a3 Ng6 22. Nxg6 Bxg6 23. Nd3 Bxd3 24. Bxd3 g6 25. f4 O-O 26. Rc5 Rfc8 27. Rhc1 Ne7 28. R1c3 Rc6 29. Qc2 Kg7 30. a4 Rbc8 31. Ke2 Qd8 32. Qb2 Kg8 33. Rc2 Qd6 34. a5 Qd8 35. Qb3 b5 36. axb6 Qxb6 37. Qa4 Qb7 38. Bxa6 Qxa6+ 39. Qxa6 Rxa6 40. Rxc8+ Nxc8 41. Rxc8+ Kg7 42. Kd2 Rb6 43. Kc3 Rb7 44. Rc5 f6 45. b5 fxg5 46. fxg5 Kf7 47. Kb4 Ke7 48. Ka5 Kd6 49. b6 e5 50. Ka6 exd4 51. exd4 1-0

[Event "Summer Prague Open-A 2022"]
[Site "Prague"]
[Date "2022.08.07"]
[Round "3.22"]
[White "Stoica, Savas Marin"]
[Black "Roubalik, Jakub"]
[Result "0-1"]
[ECO "A06"]
[WhiteElo "2092"]
[BlackElo "2380"]
[Annotator "RC"]
[PlyCount "118"]
[EventDate "2022.08.05"]
[EventType "swiss"]
[EventCountry "CZE"]
[SourceTitle "playchess.com"]
[Source "ChessBase"]
[SourceQuality "1"]
[TimeControl "40/5400+30:1800+30"]

1. Nf3 d5 2. b3 Nf6 3. Bb2 e6 4. g3 Be7 5. Bg2 O-O 6. O-O a5 7. a3 a4 8. b4 c5 9. bxc5 Bxc5 10. d4 Bd6 11. c4 Nc6 12. cxd5 exd5 13. Nc3 Qa5 14. Qd3 Ne7 15. Rfc1 Bf5 16. Qb5 Rfc8 17. Qxa5 Rxa5 18. Ne5 h6 19. e3 Nd7 20. Nxd7 Bxd7 21. e4 dxe4 22. Nxe4 Bb8 23. Nc5 Bc6 24. Bc3 Ra7 25. Bh3 Rd8 26. Nd3 Nd5 27. Bb2 Bd6 28. Ne5 Be8 29. Bg2 Ra5 30. Nc4 Rb5 31. Bxd5 Rxd5 32. Nxd6 R5xd6 33. Re1 Bc6 34. Bc3 Rd5 35. Re5 Kh7 36. Rae1 f6 37. Rxd5 Rxd5 38. f4 h5 39. h3 Bd7 40. h4 Kg6 41. Kf2 Kf5 42. Re7 g6 43. Rf7 Ke6 44. Rg7 Bc6 45. Ke3 Kf5 46. Bb4 Rd8 47. Bc5 Rc8 48. Bd6 Bd5 49. Rc7 Re8+ 50. Re7 Rd8 51. Bc5 b6 52. Bb4 Kg4 53. Rg7 Re8+ 54. Re7 Rg8 55. Rd7 Be6 56. Rd6 Re8 57. Kf2 Bc4 58. Rxf6 Re2+ 59. Kg1 Kh3 0-1

[Event "Summer Prague Open-A 2022"]
[Site "Prague"]
[Date "2022.08.07"]
[Round "3.23"]
[White "Valkova, Angelika"]
[Black "Sarkar, Justin"]
[Result "0-1"]
[ECO "E23"]
[WhiteElo "2075"]
[BlackElo "2346"]
[Annotator "RC"]
[PlyCount "66"]
[EventDate "2022.08.05"]
[EventType "swiss"]
[EventCountry "CZE"]
[SourceTitle "playchess.com"]
[Source "ChessBase"]
[SourceQuality "1"]
[TimeControl "40/5400+30:1800+30"]

1. d4 Nf6 2. c4 e6 3. Nc3 Bb4 4. Qb3 c5 5. dxc5 Nc6 6. Nf3 Ne4 7. Bd2 Nxc5 8. Qc2 O-O 9. a3 Bxc3 10. Bxc3 a5 11. b3 d6 12. g3 e5 13. Bg2 Be6 14. O-O a4 15. b4 Nb3 16. Rad1 Qe7 17. c5 dxc5 18. Nxe5 Nxb4 19. axb4 cxb4 20. Ba1 a3 21. Nd3 Rfc8 22. Qb1 Nxa1 23. Qxa1 b3 24. Rc1 h6 25. Qe5 Rxc1 26. Rxc1 Qf6 27. Qxf6 gxf6 28. Rb1 b2 29. Nxb2 axb2 30. Be4 Ra1 31. Kg2 Bd5 32. Rxb2 Bxe4+ 33. f3 Bd5 0-1

[Event "Summer Prague Open-A 2022"]
[Site "Prague"]
[Date "2022.08.07"]
[Round "3.24"]
[White "Sorm, Daniel"]
[Black "Toure, Ananth"]
[Result "1-0"]
[ECO "D05"]
[WhiteElo "2308"]
[BlackElo "2055"]
[Annotator "RC"]
[PlyCount "61"]
[EventDate "2022.08.05"]
[EventType "swiss"]
[EventCountry "CZE"]
[SourceTitle "playchess.com"]
[Source "ChessBase"]
[SourceQuality "1"]
[TimeControl "40/5400+30:1800+30"]

1. d4 d5 2. e3 Nf6 3. Bd3 c6 4. Nd2 Nbd7 5. f4 g6 6. Ngf3 Bg7 7. O-O O-O 8. Qe1 Nb6 9. Qh4 Bf5 10. Bxf5 gxf5 11. Ne5 e6 12. Qh3 Nc8 13. Ndf3 Ne4 14. Bd2 c5 15. Be1 c4 16. Nd2 Nxd2 17. Bxd2 f6 18. Nf3 a5 19. Kh1 Qe8 20. Rg1 Qg6 21. g4 Nd6 22. Nh4 Qh6 23. gxf5 Nxf5 24. Rg4 Rf7 25. Rag1 b6 26. Be1 Raa7 27. Qf3 Nd6 28. f5 exf5 29. R4g2 Rad7 30. Qxd5 Kh8 31. Qa8+ 1-0

[Event "Summer Prague Open-A 2022"]
[Site "Prague"]
[Date "2022.08.07"]
[Round "4.1"]
[White "Kulhanek, Tomas"]
[Black "Mirzoev, Azer"]
[Result "1/2-1/2"]
[ECO "C54"]
[WhiteElo "2319"]
[BlackElo "2424"]
[Annotator "TA"]
[PlyCount "59"]
[EventDate "2022.08.05"]
[EventType "swiss"]
[EventCountry "CZE"]
[SourceTitle "playchess.com"]
[Source "ChessBase"]
[SourceQuality "1"]
[TimeControl "40/5400+30:1800+30"]

1. e4 e5 2. Nf3 Nc6 3. Bc4 Bc5 4. c3 Nf6 5. d4 exd4 6. e5 d5 $1 7. Be2 {[%emt 0:00:22] C54: Giuoco Piano: 4 c3 Nf6, main lines with 5 d4 and 5 d3.} ({Much weaker is} 7. exf6 dxc4 8. fxg7 Rg8 9. cxd4 Bxd4 10. Qe2+ (10. Nxd4 Qxd4 11. Qxd4 Nxd4 $15) 10... Qe7 11. Qxe7+ Kxe7 $17) 7... Ne4 {[%emt 0:00:19][%cal Od4d3] [#] ...d3! is the strong threat.} 8. cxd4 Bb6 {[%emt 0:00:03] The main line 8...Bb6 scores better than 8...Bb4+.} 9. Nc3 O-O 10. O-O Bf5 11. Na4 {[%emt 0:01:04] [#]} h6 $146 ({Predecessor:} 11... f6 12. a3 fxe5 13. Nxb6 axb6 14. Nxe5 Nxe5 15. dxe5 d4 16. Bc4+ Kh8 17. g4 b5 {0-1 (33) Aronian,L (2785)-Hansen,E (2606) Chess.com INT 2022}) 12. a3 Bh7 13. Be3 f5 14. exf6 Qxf6 15. Nxb6 axb6 16. Rc1 Kh8 17. Bb5 {[%emt 0:07:39] Strongly threatening Bxc6.} Qd6 18. Re1 Ne7 19. Ne5 c6 20. Bd3 Nf5 21. f3 Nxe3 22. Rxe3 Nf6 23. Bxh7 Kxh7 24. Qd3+ Kg8 25. Rce1 {[%emt 0:00:23] Hoping for Ng6.} Rae8 26. Qg6 Qc7 27. Ng4 {[%emt 0:09:29] 0x0.00198aa4831bdp-1022s more active pieces.} (27. g3 $14) 27... Rxe3 $11 {[%emt 0:06:59] The position is equal.} 28. Rxe3 {[%emt 0:00:17] [#] Black must now prevent Nxh6+.} Nxg4 29. Qxg4 Qf4 30. Qxf4 {[%emt 0:01:11] Weighted Error Value: White=0.07 (flawless) /Black=0.06 (flawless)} 1/2-1/2

[Event "Summer Prague Open-A 2022"]
[Site "Prague"]
[Date "2022.08.07"]
[Round "4.2"]
[White "Cernousek, Lukas"]
[Black "Karas, Marek"]
[Result "1-0"]
[ECO "C14"]
[WhiteElo "2429"]
[BlackElo "2286"]
[Annotator "TA"]
[PlyCount "71"]
[EventDate "2022.08.05"]
[EventType "swiss"]
[EventCountry "CZE"]
[SourceTitle "playchess.com"]
[Source "ChessBase"]
[SourceQuality "1"]
[TimeControl "40/5400+30:1800+30"]

1. e4 e6 2. d4 d5 3. Nc3 Nf6 4. Bg5 Be7 5. e5 Nfd7 6. Bxe7 Qxe7 7. f4 a6 8. Nf3 c5 9. Ne2 Nc6 {[%emt 0:01:27] C14: French: Classical System: 4 Bg5 Be7 main line.} 10. c3 b5 11. dxc5 Nxc5 {The position is equal.} 12. Ned4 Nxd4 13. Qxd4 {[%emt 0:01:56] [#]} O-O $146 ({Predecessor:} 13... Bd7 14. Be2 Rc8 15. O-O Na4 16. Qd2 Nc5 17. Bd3 Nxd3 18. Qxd3 Qc5+ 19. Nd4 O-O {1-0 (36) Sidiropoulos,N (1548)-Rompis,D Ptolemaida 2009}) 14. Be2 Rb8 15. O-O Bd7 16. Rac1 Rfc8 17. Rfd1 Be8 18. Qe3 Na4 19. Rc2 b4 20. Bxa6 Rc7 21. Bf1 {[%emt 0:11:50] White is more active.} (21. Nd4 $16) 21... Rbc8 (21... Nxc3 $1 $11 {keeps the balance.} 22. bxc3 Ba4) 22. Rdc1 bxc3 23. b3 ({Weaker is} 23. bxc3 Qa3 $15) 23... Nb2 (23... Nc5 $16 {might work better.}) 24. Rxc3 $18 Rxc3 25. Rxc3 Rxc3 (25... Nd1 $2 26. Rxc8 $1 Nxe3 27. Bb5) 26. Qxc3 Qa7+ 27. Nd4 Qxa2 28. Qc8 Kf8 29. Qc5+ $1 ({Less strong is} 29. Bb5 Qa1+ 30. Kf2 Nd1+ 31. Kf3 Qc3+ 32. Qxc3 Nxc3 $14) 29... Kg8 30. Qc8 (30. Qe7 $1 $18 {[%cal Re7e8] and the rest is easy.} Qa8 31. f5) 30... Kf8 $16 31. Qc5+ $2 $40 {[%emt 0:00:06][%mdl 128] White has some attack.} (31. Bb5 $6 Qa1+ 32. Kf2 Nd1+ 33. Kf3 Qc3+ 34. Qxc3 Nxc3 $14) (31. Qc2 $16) 31... Kg8 $18 {[%emt 0:00:08] [#]} 32. Qe7 $1 ({Resist} 32. Qc8 Kf8 $18) 32... Qa8 {[%emt 0:00:06] [#]} 33. f5 $1 exf5 (33... h6 {was called for.} 34. fxe6 Qc8) 34. Nxf5 {[%emt 0:00:20] White is clearly winning.} Bc6 35. e6 Qe8 36. Qg5 {[%emt 0:01:44] Weighted Error Value: White=0.28 (precise) /Black=0.37} 1-0

[Event "Summer Prague Open-A 2022"]
[Site "Prague"]
[Date "2022.08.07"]
[Round "4.3"]
[White "Risting, Eivind Olav"]
[Black "Bruchmann, Stephan"]
[Result "1-0"]
[ECO "D94"]
[WhiteElo "2325"]
[BlackElo "2226"]
[Annotator "RC"]
[PlyCount "59"]
[EventDate "2022.08.05"]
[EventType "swiss"]
[EventCountry "CZE"]
[SourceTitle "playchess.com"]
[Source "ChessBase"]
[SourceQuality "1"]
[TimeControl "40/5400+30:1800+30"]

1. c4 c6 2. Nf3 d5 3. e3 Nf6 4. Nc3 g6 5. d4 Bg7 6. Bd3 Bg4 7. O-O O-O 8. h3 Bxf3 9. Qxf3 Qd6 10. Qd1 e5 11. dxe5 Qxe5 12. cxd5 Nxd5 13. Nxd5 Qxd5 14. Qc2 Nd7 15. Bc4 Qd6 16. Rd1 Qe7 17. Bd2 Nb6 18. Be2 Rfd8 19. Be1 Qe6 20. Rxd8+ Rxd8 21. a4 Nd5 22. Rd1 Re8 23. Bc4 Qe5 24. b4 Nf6 25. Bc3 Qe7 26. Qd3 Nd5 27. Bxd5 cxd5 28. Bxg7 Kxg7 29. Qd4+ Qe5 30. Qxa7 1-0

[Event "Summer Prague Open-A 2022"]
[Site "Prague"]
[Date "2022.08.07"]
[Round "4.4"]
[White "Mirimanian, Hayk"]
[Black "Schmaltz, Roland"]
[Result "1/2-1/2"]
[ECO "B07"]
[WhiteElo "2228"]
[BlackElo "2466"]
[Annotator "TA"]
[PlyCount "56"]
[EventDate "2022.08.05"]
[EventType "swiss"]
[EventCountry "CZE"]
[SourceTitle "playchess.com"]
[Source "ChessBase"]
[SourceQuality "1"]
[TimeControl "40/5400+30:1800+30"]

1. e4 d6 2. d4 Nf6 3. Nc3 e5 4. dxe5 dxe5 5. Qxd8+ Kxd8 6. Bg5 Be6 7. O-O-O+ Kc8 8. g3 Bc5 {[%emt 0:03:47] B07: Pirc Defence: Miscellaneous Systems.} 9. f3 {[%emt 0:00:47] Inhibits Ng4.} Nbd7 10. Bh3 Bxh3 11. Nxh3 h6 12. Bxf6 Nxf6 {[%emt 0:00:13] [#]} 13. Nd5 $146 ({Predecessor:} 13. Rhf1 c6 14. Nf2 Kc7 15. Nd3 Bd4 16. Na4 Rhe8 17. c3 Be3+ 18. Kc2 a5 19. Rfe1 {½-½ (81) Yasin,H (1959)-Kilic,E (2248) Ordu 2019}) 13... Nd7 14. Rhe1 c6 15. Ne3 Kc7 16. Nf2 Rhe8 17. Nd3 Bf8 18. c3 h5 19. Kc2 g6 20. Re2 b5 21. h4 Rad8 22. a4 a6 23. Rh1 Nc5 {[%emt 0:01:28] The position is equal.} 24. Nxc5 Bxc5 25. axb5 axb5 26. Rd1 Rxd1 27. Nxd1 Re6 28. Nf2 Bxf2 {[%emt 0:06:10] A balanced but interesting game.  Weighted Error Value: White=0.06 (flawless) /Black=0.06 (flawless)} 1/2-1/2

[Event "Summer Prague Open-A 2022"]
[Site "Prague"]
[Date "2022.08.07"]
[Round "4.5"]
[White "Zanan, Evgeny"]
[Black "Dauth, Benjamin"]
[Result "1-0"]
[ECO "D11"]
[WhiteElo "2521"]
[BlackElo "2243"]
[Annotator "TA"]
[PlyCount "55"]
[EventDate "2022.08.05"]
[EventType "swiss"]
[EventCountry "CZE"]
[SourceTitle "playchess.com"]
[Source "ChessBase"]
[SourceQuality "1"]
[TimeControl "40/5400+30:1800+30"]

1. d4 d5 2. c4 c6 3. Nf3 Nf6 4. g3 e6 5. Bg2 Bd6 6. O-O O-O 7. Nc3 Nbd7 8. Nd2 Re8 9. e4 {[%emt 0:00:46] E01: Catalan: Early deviations.} dxe4 10. Ndxe4 Bf8 11. Bf4 {[%emt 0:12:17] White is slightly better.} Nxe4 12. Nxe4 Nf6 13. Nc3 {[%emt 0:02:00][%cal Be4c3,Bc3b5,Bb5d6][%mdl 32] White is more active.} Bd6 (13... Re7 $14) 14. Be5 $16 {[%emt 0:03:38] [#]} c5 $146 (14... Be7 $16 {might work better.}) ({Predecessor:} 14... Qc7 15. f4 Rd8 16. Qf3 Ne8 17. Rad1 f6 18. c5 Bxe5 19. fxe5 f5 20. Ne4 Qe7 {1-0 (43) Jakovenko,D (2733)-Rydstrom,T (2292) Caleta 2015}) 15. Nb5 $18 Bb8 16. Bxb8 Rxb8 17. dxc5 a6 18. Nd6 Re7 19. b4 Rd7 20. Qe2 b6 21. Rfd1 bxc5 22. bxc5 Qc7 23. Qe3 Kf8 24. Rd2 Ng8 $2 {[%emt 0:07:02] [#]} (24... Re7 25. c6 e5) 25. c6 $1 {[%emt 0:03:55] White is clearly winning.} Rd8 (25... Re7 26. Rad1) 26. Qc5 Ne7 {[%emt 0:01:08] [#]} 27. Nb5 $1 Rxb5 28. Rxd8+ {[%emt 0:00:11] Black did not feel at home in the position after the opening.  Weighted Error Value: White=0.36/Black=0.26 (precise)} 1-0

[Event "Summer Prague Open-A 2022"]
[Site "Prague"]
[Date "2022.08.07"]
[Round "4.6"]
[White "Shehzad, Shazil"]
[Black "Lalic, Bogdan"]
[Result "1/2-1/2"]
[ECO "C00"]
[WhiteElo "2274"]
[BlackElo "2412"]
[Annotator "TA"]
[PlyCount "34"]
[EventDate "2022.08.05"]
[EventType "swiss"]
[EventCountry "CZE"]
[SourceTitle "playchess.com"]
[Source "ChessBase"]
[SourceQuality "1"]
[TimeControl "40/5400+30:1800+30"]

1. e4 e6 2. d3 c5 3. Nf3 Nc6 4. g3 d5 5. Qe2 Nge7 6. Bg2 g6 7. h4 {[%emt 0:00:53] C00: French: Unusual White 2nd moves.} h6 8. O-O Bg7 9. Re1 b6 10. e5 a5 11. a4 Ba6 12. Na3 {[%emt 0:00:44] [#]} Nd4 $146 ({Predecessor:} 12... Ra7 13. c3 Rd7 14. Bd2 Nc8 15. Bf4 N8a7 16. Qd2 d4 17. c4 Bb7 18. Nb5 Nxb5 19. axb5 {1-0 (94) Shchekachev,A (2375)-Sokolov,A (2605) Moscow 1992}) 13. Nxd4 cxd4 14. Nb5 Bxb5 15. axb5 Qd7 (15... Rc8 $11) 16. Qg4 ({White should try} 16. c4 $1 $14) 16... Rc8 17. Qxd4 Qxb5 {Weighted Error Value: White=0.16 (very precise) /Black=0.16 (very precise)} 1/2-1/2